Map: Torches LE

Players

Clem - Winner!

  • Race: Protoss Protoss
  • Spawn Location: 1:00

ByuN

  • Race: Terran Terran
  • Spawn Location: 5:00

Event: Esports World Cup 2025

VOD

Have the link to the VOD?

Description

Time

  • Played on: July 22, 2025, 9:52 a.m.
  • Length: 8:35

All games in this series

Show
View Real Time Build Order
Export as new Build Order

Clem Protoss - Winner!

Build Orders: Blink Stalkers, Zealot Archon 

Get SALT Encoding   

  12  0:00  Probe  
  13  0:12  Probe  
  14  0:17  Pylon  
  14  0:23  Probe  
  15  0:31  Probe  
  15  0:36  Gateway  
  15  0:39  Probe  
  16  0:45  Assimilator  
  17  0:50  Probe  
  18  1:03  Probe  
  19  1:15  Probe  
  20  1:23  Cybernetics Core  
  20  1:24  Zealot  
  22  1:34  Probe  
  22  1:35  Pylon  
  23  1:47  Stalker  
  23  1:53  Probe  
  26  2:02  Warp Gate  
  26  2:05  Probe  
  27  2:13  Nexus  
  27  2:17  Probe  
  27  2:20  Adept  
  30  2:25  Assimilator  
  30  2:29  Probe  
  31  2:35  Pylon  
  30  2:42  Probe  
  31  2:48  Twilight Council  
  31  2:50  Blink  
  31  2:54  Probe, Stalker  
  34  3:06  Probe  
  35  3:14  Gateway  
  35  3:18  Probe  
  36  3:30  Probe x2  
  38  3:42  Probe x2  
  40  3:48  Robotics Facility  
  40  3:53  Stalker  
  40  3:54  Probe x2  
  44  4:04  Gateway  
  44  4:06  Probe x2  
  44  4:09  Stalker  
  48  4:14  Pylon  
  48  4:18  Probe  
  48  4:19  Probe  
  48  4:22  Stalker  
  52  4:27  Assimilator  
  52  4:30  Probe  
  52  4:31  Probe  
  52  4:38  Observer  
  52  4:42  Probe, Stalker  
  56  4:46  Stalker  
  56  4:49  Probe  
  59  4:54  Probe  
  60  5:01  Probe  
  60  5:06  Probe  
  60  5:08  Stalker  
  60  5:13  Probe  
  61  5:18  Shield Battery, Pylon, Probe  
  61  5:20  Assimilator  
  60  5:22  Charge  
  60  5:24  Stalker  
  62  5:36  Probe, Templar Archives  
  62  5:37  Gateway  
  62  5:38  Pylon  
  62  5:39  Probe  
  64  5:44  Observer  
  64  5:47  Observer  
  65  5:50  Gateway  
  65  5:51  Gateway  
  65  5:53  Pylon  
  65  5:54  Immortal  
  69  6:07  Psionic Storm  
  69  6:12  Nexus  
  70  6:27  Stalker x2  
  70  6:29  Stalker  
  70  6:30  Probe  
  70  6:32  Probe  
  76  6:41  High Templar  
  76  6:42  Pylon, Probe  
  76  6:44  Probe  
  80  6:50  Pylon  
  80  6:54  Gateway  
  80  6:55  Probe, High Templar  
  80  6:57  Probe  
  84  7:05  Pylon  
  84  7:07  Warp Prism  
  83  7:09  High Templar  
  83  7:12  Pylon  
  86  7:17  Zealot x2  
  86  7:22  Zealot x2  
  90  7:27  Archon  
  90  7:30  Probe, Zealot  
  90  7:32  Probe  
  90  7:33  Probe  
  95  7:41  Zealot  
  95  7:42  Probe  
  94  7:45  Immortal  
  94  7:48  Probe x2  
  94  7:50  Shield Battery, High Templar  
  102  7:52  Pylon  
  102  7:54  Probe  
  102  7:57  High Templar  
  105  8:00  Probe x2  
  105  8:07  Probe, Zealot x2  
  105  8:08  Zealot  
  105  8:12  Probe, Zealot x2  
  111  8:13  Probe  
  111  8:19  Probe  
Show
View Real Time Build Order
Export as new Build Order

ByuN Terran 

Build Orders: Cyclone Opening 

Get SALT Encoding   

  12  0:00  SCV  
  13  0:12  SCV  
  14  0:18  Supply Depot  
  14  0:24  SCV  
  15  0:39  SCV  
  15  0:41  Barracks  
  16  0:46  Refinery  
  16  0:51  SCV  
  16  0:56  Refinery  
  17  1:04  SCV  
  18  1:16  SCV  
  19  1:28  Reaper  
  19  1:29  Orbital Command  
  20  1:34  Engineering Bay  
  20  1:46  Factory  
  20  1:55  SCV  
  20  2:00  Reaper  
  22  2:04  Supply Depot  
  22  2:07  SCV  
  23  2:29  Command Center  
  23  2:33  Factory Tech Lab  
  23  2:37  SCV  
  24  2:48  Starport  
  25  2:54  Cyclone  
  25  2:57  SCV  
  28  3:05  Supply Depot  
  28  3:09  SCV  
  29  3:21  SCV  
  29  3:26  Cyclone  
  32  3:29  Medivac  
  32  3:33  SCV  
  35  3:39  Barracks Reactor  
  35  3:44  Barracks  
  35  3:45  SCV  
  36  3:58  Orbital Command, SCV  
  36  4:02  Siege Tank  
  39  4:07  Starport Tech Lab  
  39  4:10  SCV  
  39  4:15  Orbital Command, Marine  
  39  4:16  Marine  
  42  4:23  SCV  
  43  4:34  Barracks  
  43  4:35  Siege Tank  
  43  4:38  Marine x2  
  46  4:42  SCV  
  49  4:46  SCV  
  49  4:50  Stimpack, Marine  
  51  4:54  SCV  
  51  4:55  Bunker, Supply Depot  
  51  4:58  SCV  
  52  5:06  SCV  
  53  5:10  Marine x2, SCV  
  53  5:18  SCV  
  54  5:22  Siege Tank  
  54  5:23  SCV  
  54  5:24  Marine  
  54  5:25  Marine  
  60  5:31  SCV  
  60  5:32  Supply Depot  
  60  5:34  Marine  
  62  5:40  Starport Reactor  
  62  5:46  Engineering Bay  
  62  5:47  Refinery  
  62  5:53  Marine x2, SCV x2  
  66  6:00  Supply Depot  
  66  6:02  Factory Reactor, Supply Depot  
  66  6:04  Combat Shield  
  66  6:05  SCV x2  
  66  6:10  Marauder  
  70  6:17  Terran Infantry Weapons Level 1  
  70  6:21  Marine x2  
  70  6:22  Marauder, Supply Depot, SCV x2  
  76  6:26  Refinery  
  76  6:32  Marauder  
  78  6:34  SCV x2  
  78  6:39  Marine x2  
  84  6:43  Marauder, Medivac x2  
  88  6:49  Factory Reactor, Supply Depot  
  88  6:53  Marauder  
  90  6:55  SCV x2  
  90  6:59  Supply Depot  
  92  7:07  Marauder  
  94  7:11  Marine x2, Concussive Shells  
  94  7:13  SCV x2  
  94  7:15  Marauder  
  100  7:18  Supply Depot  
  99  7:30  Marauder, Marine x2  
  99  7:32  Widow Mine x2  
  99  7:36  Marauder  
  102  7:38  SCV  
  85  7:47  Medivac x2  
  85  7:48  Marine x2  
  85  7:51  Marauder  
  85  7:55  Widow Mine x2  
  85  7:57  Marauder  
  85  8:06  Marine x2  
  78  8:12  Marauder  
  78  8:16  SCV  
  78  8:18  SCV  
Tags
 
Add a new tag
Caveats
  • Supply blocks, unpowered buildings, or Contaminate may cause inaccurate times.
  • Supply counts are checked every 10 seconds.